 Dungeon Crawl Stone Soup version 0.28.0-53-g5a82cb258f (webtiles) character file.

Game seed: 8308222661271854874

107 jamesp the Insei (level 4, -1/28 HPs)
             Began as an Octopode Transmuter on Aug 16, 2022.
             Slain by a black bear (9 damage)
             ... on level 2 of the Dungeon.
             The game lasted 00:09:50 (3381 turns).

jamesp the Insei (Octopode Transmuter)              Turns: 3381, Time: 00:09:51

Health: -1/28      AC:  1    Str:  9    XL:     4   Next: 86%
Magic:  17/17      EV: 13    Int: 17    God:
Gold:   91         SH:  0    Dex: 12    Spells: 7/8 levels left

rFire   . . .      SeeInvis .     - Unarmed
rCold   . . .      Faith    .   (no shield)
rNeg    . . .      Spirit   .   (helmet restricted)
rPois   .          Reflect  .   (no amulet)
rElec   .          Harm     .   l - ring of magical power
rCorr   .          Rampage  .   (no ring)
Will    .....                   (no ring)
Stlth   ++........              (no ring)
HPRegen 0.09/turn               (no ring)
MPRegen 0.15/turn               (no ring)
                                (no ring)
                                (no ring)

@: no status effects
A: almost no armour, amphibious, 8 rings, camouflage 1, gelatinous body 1,
(nimble swimmer 1), tentacles
a: no special abilities


You were on level 2 of the Dungeon.
You visited 1 branch of the dungeon, and saw 3 of its levels.

You collected 91 gold pieces.

Inventory:

Missiles
 i - 85 stones
Jewellery
 l - a ring of magical power (left tentacle)
Scrolls
 a - a scroll of torment {unknown}
 b - 2 scrolls of fog {unknown}
 d - a scroll of noise {unknown}
 j - a scroll of enchant weapon {unknown}
 m - 2 scrolls of identify {unknown}
 n - a scroll of magic mapping {unknown}
 o - a scroll of fear {unknown}
 p - a scroll of vulnerability {unknown}
Potions
 c - a potion of brilliance {unknown}
 e - a potion of resistance {unknown}
 f - 4 potions of curing {unknown}
 g - a potion of might {unknown}
 h - a potion of attraction {unknown}
 k - 2 potions of magic {unknown}


   Skills:
 - Level 1.0 Fighting
 + Level 2.9 Dodging
 + Level 3.7 Unarmed Combat
 + Level 2.7 Spellcasting
 + Level 3.0 Transmutations


You had 7 spell levels left.
You knew the following spells:

 Your Spells              Type           Power      Damage    Failure   Level
a - Beastly Appendage     Tmut           24%        N/A       4%          1

Your spell library contained the following spells:

 Spells                   Type           Power      Damage    Failure   Level
 Wereblood                Tmut           12%        N/A       8%          2
 Spider Form              Tmut/Pois      7%         N/A       28%         3
 Ice Form                 Ice/Tmut       7%         N/A       67%         4


Dungeon Overview and Level Annotations

Branches:
Dungeon (3/15)

Altars:

Shops:
D:1 [[:


Innate Abilities, Weirdness & Mutations

You cannot wear most types of armour.
You are amphibious.
You can wear up to eight rings at the same time.
Your skin changes colour to match your surroundings (Stealth+).
Your rubbery body absorbs attacks. (AC +1, EV +1)
((You are camouflaged when in or above water. (Stealth+)))
You have tentacles for arms and can constrict up to eight enemies at once.


Message History

The gnoll is severely wounded.
You constrict the gnoll. The gnoll misses you.
You tentacle-slap the gnoll.
You kill the gnoll!
You tentacle-slap the hobgoblin. You grab the hobgoblin.
Your tentacle spike misses the hobgoblin.
The hobgoblin is lightly wounded.
You constrict the hobgoblin, but do no damage.
The hobgoblin barely misses you.
You barely miss the hobgoblin.
Your tentacle spike misses the hobgoblin.
You squeeze the hobgoblin.
You kill the hobgoblin!
Your tentacle spike disappears.
Items here: ))) †††.
You closely miss the orc.
The gnoll shouts!
Your grab misses the orc. The orc closely misses you.
You barely miss the orc. You grab the orc. You squeeze the orc.
The orc is heavily wounded.
You constrict the orc. You tentacle-slap the orc.
You kill the orc!
You see here 25 arrows.
There is a stone staircase leading up here.
You climb upwards.
The black bear bites you. The black bear barely misses you. x3
The black bear claws you.
* * * LOW HITPOINT WARNING * * *
The black bear closely misses you.
There is a stone staircase leading down here.
The black bear bites you.
* * * LOW HITPOINT WARNING * * *
The black bear claws you.
* * * LOW HITPOINT WARNING * * *
The black bear claws you.
* * * LOW HITPOINT WARNING * * *
Things that are here:
a +0 club; a goblin skeleton The black bear bites you!
You die...

#.#....#......# #........
#.#....#......# ##############
#.######......# #...# # #.#
#......# #...########## #.#
#......# #...##.......^ #.#
#......# #...##........
#.######......# #...##........
#......#......######...##........
..)....#.......h@................
#......#......######...#.........
.........)....# #...#.#.######
#......#......# #####.#.......
###......###.## #.#......#
#......# #.# #......... #......#
#.# ###....... #......###.######
##########.# #...............#
#.....h..#.#


You could see a black bear.

Vanquished Creatures
  Robin (D:3)
  2 gnolls (D:3)
  A worm (D:2)
  A dart slug (D:3)
  An orc (D:3)
  8 endoplasms
  2 giant cockroaches (D:1)
  12 goblins
  10 hobgoblins
  5 kobolds (D:1)
  3 quokkas
  3 ball pythons
  7 bats
  4 frilled lizards
  3 rats
63 creatures vanquished.

Vanquished Creatures (others)
  16 plants (D:3)
16 creatures vanquished.

Grand Total: 79 creatures vanquished

Notes
Turn   | Place    | Note
-------+----------+-------------------------------------------
     0 | D:1      | jamesp the Octopode Transmuter began the quest for the Orb.
     0 | D:1      | Reached XP level 1. HP: 13/13 MP: 3/3
   206 | D:1      | Reached XP level 2. HP: 14/18 MP: 3/5
   844 | D:1      | Found Rebe Xor's Armour Shop.
   867 | D:1      | Found Dakeggum's Armour Boutique.
  1025 | D:1      | Reached XP level 3. HP: 19/23 MP: 4/6
  1406 | D:1      | Found a faded altar of an unknown god.
  1621 | D:1      | Found Hozuax's Book Emporium.
  2129 | D:2      | Noticed a black bear
  2849 | D:3      | Reached XP level 4. HP: 26/28 MP: 7/7
  2875 | D:3      | Noticed Robin
  3001 | D:3      | Killed Robin
  3381 | D:2      | Slain by a black bear

Illustrated notes

Levels and vault maps discovered:
D:1:      lightli_arrival_noodles, layout_loops_cross,
          hellmonk_ecumenical_altar_crossroads, serial_shops,
          nicolae_square_shop, nicolae_shop_crystal, nicolae_lakefront_shop
D:2:      layout_basic
D:3:      layout_basic, hex_tiny, chequers_serial_rivers_room_b,
          nicolae_grassy_gnolls, uniq_robin

Skill      XL: |  1  2  3  4 |
---------------+-------------+-----
Transmutations | 3 |  3.0
Fighting       | |  1.0
Dodging        | |  2.9
Unarmed Combat | |  3.7
Spellcasting   | |  2.7

Action                   |  1- 3 |  4- 6 || total
-------------------------+-------+-------++-------
Melee: Unarmed           |   102 |    41 ||   143
       Constrict         |    27 |    11 ||    38
       Kick              |    18 |    15 ||    33
       Tentacles         |    12 |     6 ||    18
       Punch             |     7 |       ||     7
 Cast: Beastly Appendage |    17 |     4 ||    21
 Stab: Sleeping          |    11 |       ||    11
       Distracted        |     1 |       ||     1
Armor: Skin              |     5 |     1 ||     6
Dodge: Dodged            |    55 |    23 ||    78
